 Dungeon Crawl Stone Soup version 0.19-a0-1057-g15bb84d (webtiles) character file.

167 junb69 the Cudgeler (level 5, -2/38 HPs)
             Began as a Demonspawn Gladiator on Aug 2, 2016.
             Slain by an iguana (8 damage)
             ... on level 3 of the Dungeon.
             The game lasted 00:07:23 (3425 turns).

junb69 the Cudgeler (Demonspawn Gladiator)          Turns: 3425, Time: 00:07:25

Health: -2/38      AC:  6    Str: 16    XL:     5   Next: 23%
Magic:  5/5        EV: 11    Int: 10    God:
Gold:   180        SH:  3    Dex: 13    Spells: 0 memorised, 4 levels left

rFire  . . .     SeeInvis .     o - +0 mace (drain)
rCold  . . .     Gourm    .     p - +0 ring mail
rNeg   . . .     Faith    .     m - +0 buckler
rPois  .         Spirit   .     c - +0 helmet
rElec  .         Dismiss  .     (no cloak)
rCorr  .         Reflect  .     (no gloves)
SustAt .         Harm     .     (no boots)
MR     .....                    (no amulet)
Stlth  ..........               (no ring)
                                (no ring)

@: not resistant to hostile enchantments, extremely unstealthy
A: claws 1, hooves 1, powered by pain 1
a: no special abilities


You were on level 3 of the Dungeon.
You were not hungry.

You visited 1 branch of the dungeon, and saw 4 of its levels.

You collected 180 gold pieces.

Inventory:

Hand Weapons
 a - a +0 flail
 h - a +0 blowgun
 o - a +0 mace of draining (weapon)
Missiles
 d - 3 throwing nets (quivered)
 q - 5 javelins
 v - 32 poisoned needles
Armour
 c - a +0 helmet (worn)
 m - a +0 buckler (worn)
 p - a +0 ring mail (worn)
Scrolls
 b - a scroll of teleportation {unknown}
 g - a scroll of immolation {unknown}
 i - a scroll of remove curse {unknown}
 l - 2 scrolls of enchant armour {unknown}
 n - 2 scrolls of fog {unknown}
 r - a scroll of random uselessness {unknown}
Potions
 e - 2 potions of curing {unknown}
 j - a potion of brilliance {unknown}
 k - a potion of ambrosia {unknown}
 s - 2 potions of might {unknown}
 x - a potion of invisibility {unknown}
Books
 u - a book of Callings

   Spells                             Type                      Level
   a - Summon Small Mammal            Summoning                    1
   b - Call Imp                       Summoning                    2
   c - Call Canine Familiar           Summoning                    3
   d - Summon Guardian Golem          Hexes/Summoning              3
   e - Summon Lightning Spire         Summoning/Air                4
   f - Summon Ice Beast               Ice/Summoning                4
Comestibles
 f - 4 bread rations
 t - a meat ration
 w - a chunk of flesh


   Skills:
 - Level 2.0 Fighting
 * Level 5.4 Maces & Flails
 - Level 1.7 Throwing
 - Level 2.6 Dodging


You had 4 spell levels left.
You didn't know any spells.

Dungeon Overview and Level Annotations

Branches:
Dungeon (4/15)
 Temple: D:4-7

Altars:
Cheibriados
Yredelemnul

Shops:
D:4 (

Annotations:
D:3 junb69's ghost, amateur DsGl


Innate Abilities, Weirdness & Mutations

You have sharp fingernails.
You have large cloven feet.
You sometimes gain a little power by taking damage.


Message History

The giant newt barely misses you. You block the iguana's attack.
The worker ant bites you but does no damage.
You climb upwards.
Level annotation: junb69's ghost, amateur DsGl
There is a stone staircase leading down here.
Unknown command.
You miss the giant newt.
You kick the giant newt, but do no damage.
The giant newt closely misses you. The iguana bites you!
The worker ant bites you but does no damage.
You barely miss the giant newt. Your kick misses the giant newt.
The iguana bites you! The giant newt barely misses you.
The worker ant bites you but does no damage.
You closely miss the giant newt. The worker ant bites you.
The iguana hisses menacingly.
The iguana bites you!
* * * LOW HITPOINT WARNING * * *
The giant newt bites you but does no damage. x2
The iguana bites you!
You die...

##################
#.......W.........
#.################
##l####.......#
#.@...[.......+
#alĂ·..#.#####.#
#.....#.####
#.....#....#
#.....#....#
##.........#
#######...#
#####)........#
##.....#####...#


You could see an iguana, a worker ant and a giant newt.

Vanquished Creatures
  A hound (D:3)
  5 adders
  An ooze (D:3)
  5 dart slugs
  A giant gecko (D:2)
  2 orcs (D:3)
  8 bats
  6 giant cockroaches
  5 goblins
  10 hobgoblins
  4 jackals (D:1)
  14 kobolds
  A quokka (D:3)
  4 giant newts
  8 rats
75 creatures vanquished.

Notes
Turn   | Place    | Note
-------+----------+-------------------------------------------
     0 | D:1      | junb69 the Demonspawn Gladiator began the quest for the Orb.
     0 | D:1      | Reached XP level 1. HP: 16/16 MP: 1/1
    72 | D:1      | Reached skill level 3 in Maces & Flails
   252 | D:1      | Gained mutation: You sometimes gain a little power by taking damage. [demonic ancestry]
   252 | D:1      | Reached XP level 2. HP: 11/22 MP: 2/2
  1081 | D:1      | Gained mutation: You have large cloven feet. [demonic ancestry]
  1081 | D:1      | Reached XP level 3. HP: 27/27 MP: 3/3
  1414 | D:2      | Reached skill level 4 in Maces & Flails
  1568 | D:2      | Found a snail-covered altar of Cheibriados.
  2028 | D:2      | Gained mutation: You have sharp fingernails. [demonic ancestry]
  2028 | D:2      | Reached XP level 4. HP: 32/33 MP: 4/4
  2361 | D:3      | Found a basalt altar of Yredelemnul.
  2361 | D:3      | Noticed a giant frog
  2363 | D:3      | Noticed junb69's ghost (amateur DsGl)
  2647 | D:3      | Reached skill level 5 in Maces & Flails
  2690 | D:3      | Noticed a phantom
  3316 | D:3      | Reached XP level 5. HP: 34/38 MP: 5/5
  3399 | D:4      | Found Relav's Weapon Shoppe.
  3425 | D:3      | Slain by an iguana

Vault maps used:
D:1:      ncdulo_wetmaze
D:2:      lemuel_doored_altar, minmay_cupped
D:3:      old_standard_altar, minmay_quantized
D:4:      serial_shops, shop, first_bread, uniq_pikel, uniq_menkaure

Skill      XL: |  1  2  3  4 |
---------------+-------------+-----
Maces & Flails | 3 4 5 |  5.4
Fighting       | |  2.0
Throwing       | |  1.7
Dodging        | |  2.6

Action                   |  1- 3 |  4- 6 || total
-------------------------+-------+-------++-------
Melee: Flail             |   102 |    12 ||   114
       Mace              |    42 |    81 ||   123
       Kick              |    17 |    21 ||    38
 Stab: Sleeping          |     1 |       ||     1
  Eat: Chunk             |     4 |     3 ||     7
       Beef jerky        |       |     1 ||     1
Armor: Leather armour    |    52 |       ||    52
       Ring mail         |    16 |    43 ||    59
Dodge: Dodged            |   112 |    78 ||   190
Block: Buckler           |       |     8 ||     8
